 Dungeon Crawl Stone Soup version 0.22.0-49-gab54619674 (webtiles) character file.

80959 Gargoyl the Protected (level 15, -6/127 (128) HPs)
             Began as a Centaur Abyssal Knight on Sept 8, 2018.
             Was the Champion of Lugonu.
             Killed from afar by a vampire mage (31 damage)
             ... with a bolt of negative energy
             ... on level 15 of the Dungeon.
             The game lasted 00:46:56 (31060 turns).

Gargoyl the Protected (Centaur Abyssal Knight)     Turns: 31060, Time: 00:46:58

HP:   -6/127 (128)  AC: 35    Str: 26    XL:     15   Next: 25%
MP:   24/24         EV:  5    Int:  8    God:    Lugonu [******]
Gold: 1828          SH:  5    Dex: 15    Spells: 14/14 levels left

rFire    + . .     SeeInvis .   e - +2 hand axe of Veli {flame, *Corrode +Fly rElec Str+5}
rCold    . . .     Gourm    .   (no shield)
rNeg     . . .     Faith    .   E - +5 plate armour of Midnight {Dex+4}
rPois    +         Spirit   .   n - +3 helmet "Etsusi Raidd" {rPois rCorr Str+2 Int-3 Slay+5}
rElec    +         Reflect  +   J - +2 cloak
rCorr    +         Harm     .   H - +2 pair of gloves
MR       ++...                  K - +3 centaur barding
Stlth    ..........             r - +5 amulet of reflection
HPRegen  0.31/turn              M - ring of protection from magic
MPRegen  0.19/turn              t - ring of protection from fire

@: corroded, slowed, studying Necromancy, drained
A: large, claws 1, hooves 3, blurry vision 1, deformed body, speed 2, tough skin
3
a: Depart the Abyss, Bend Space, Banish, Corrupt, Enter the Abyss, Brand Weapon
With Distortion, Renounce Religion, Evoke Flight


You were on level 15 of the Dungeon.
You worshipped Lugonu.
Lugonu was exalted by your worship.
You were not hungry.

You visited 2 branches of the dungeon, and saw 21 of its levels.
You visited the Abyss 1 time.

You collected 1828 gold pieces.

Inventory:

Hand Weapons
 e - the +2 hand axe of Veli (weapon) {flame, *Corrode +Fly rElec Str+5}
   (You took it off an orc warrior on level 6 of the Dungeon)

   It has been specially enchanted to burn those struck by it, causing extra
   injury to most foes and up to half again as much damage against particularly
   susceptible opponents.
   Big, fiery blades are also staple armaments of hydra-hunters.
   It affects your strength (+5).
   It insulates you from electricity.
   It lets you fly.
   It may corrode you when you take damage.
 B - a +7 war axe of flaming
 Q - a +4 hand axe
Missiles
 o - 9 javelins
 N - 7 javelins of penetration (quivered)
Armour
 n - the +3 helmet "Etsusi Raidd" (worn) {rPois rCorr Str+2 Int-3 Slay+5}
   (You found it on level 7 of the Dungeon)

   It affects your strength (+2).
   It affects your intelligence (-3).
   It affects your accuracy and damage with ranged weapons and melee attacks
   (+5).
   It protects you from poison.
   It provides partial protection from all sources of acid and corrosion.
 E - the +5 plate armour of Midnight (worn) {Dex+4}
   (You found it on level 2 of the Lair of Beasts)

   It affects your dexterity (+4).
 H - a +2 pair of gloves (worn)
 J - a +2 cloak (worn)
 K - a +3 centaur barding (worn)
Jewellery
 f - an uncursed ring of flight
 r - a +5 amulet of reflection (around neck)
 t - a ring of protection from fire (right hand)
 u - the ring "Jear" {-Tele rF++ Int+3 Slay+5 SInv}
   (You found it on level 14 of the Dungeon)

   [ring of slaying]

   It affects your intelligence (+3).
   It affects your accuracy and damage with ranged weapons and melee attacks
   (+5).
   It greatly protects you from fire.
   It lets you see invisible.
   It prevents most forms of teleportation.
 M - a ring of protection from magic (left hand)
Wands
 p - a wand of flame (82)
 s - a wand of iceblast (14)
 w - a wand of scattershot (2)
 F - a wand of disintegration (17)
Scrolls
 b - 4 scrolls of blinking
 i - 8 scrolls of teleportation
 j - 5 scrolls of remove curse
 l - 6 scrolls of amnesia
 v - 2 scrolls of fog
 y - 2 scrolls of fear
 C - a scroll of magic mapping
 G - 2 scrolls of silence
 I - a scroll of identify
Potions
 a - 3 potions of might
 d - 2 potions of invisibility
 g - 2 potions of cancellation
 h - 2 potions of mutation
 k - 6 potions of brilliance
 m - a potion of ambrosia
 q - 4 potions of flight
 x - a potion of haste
 z - a potion of magic
 A - 7 potions of curing
 D - 4 potions of heal wounds
 L - 2 potions of degeneration {unknown}
Books
 P - a manual of Necromancy
Comestibles
 c - 33 rations
 O - 9 chunks of flesh


   Skills:
 + Level 10.5(9.3) Fighting
 + Level 12.9(11.6) Axes
 + Level 3.9(2.9) Throwing
 * Level 13.0(11.7) Armour
 + Level 3.7(2.7) Dodging
 * Level 12.7(11.4) Invocations
 + Level 2.6(1.6) Evocations


You had 14 spell levels left.
You didn't know any spells.
Your spell library contained the following spells:

 Spells                   Type           Power        Failure   Level  Hunger
 Confusing Touch          Hex            #.....       98%         1    ##.....
 Freeze                   Ice            #...         98%         1    ##.....
 Infusion                 Chrm           #...         98%         1    ##.....
 Magic Dart               Conj           #...         98%         1    ##.....
 Blink                    Tloc           N/A          99%         2    ###....
 Call Imp                 Summ           #.......     99%         2    ###....
 Shroud of Golubria       Chrm/Tloc      #.........   99%         2    ###....
 Slow                     Hex            #.......     99%         2    ###....
 Song of Slaying          Chrm           #.......     99%         2    ###....
 Throw Frost              Conj/Ice       #.....       99%         2    ###....
 Confuse                  Hex            #.......     100%        3    ####...
 Conjure Flame            Conj/Fire      #.......     100%        3    ####...
 Gell's Gravitas          Tloc           #.........   100%        3    ####...
 Mephitic Cloud           Conj/Pois/Air  #.......     100%        3    ####...
 Ozocubu's Armour         Chrm/Ice       #.......     100%        3    ####...
 Regeneration             Chrm/Necr      #.........   100%        3    ####...
 Spectral Weapon          Hex/Chrm       #.......     100%        3    ####...
 Petrify                  Tmut/Erth      #.......     100%        4    #####..
 Summon Ice Beast         Ice/Summ       #.......     100%        4    #####..
 Throw Icicle             Conj/Ice       #.......     100%        4    #####..
 Metabolic Englaciation   Hex/Ice        #.........   100%        5    ######.
 Yara's Violent Unravell  Hex/Tmut       #.........   100%        5    ######.


Dungeon Overview and Level Annotations

Branches:
Dungeon (15/15)            Temple (0/1) D:4            Lair (6/6) D:10
 Shoals (0/4) Lair:3       Spider (0/4) Lair:4        Slime (0/5) Lair:5
    Orc (0/2) D:12         Vaults (0/5) D:13
 Depths: D:15

Altars:
Ashenzari
Elyvilon
Kikubaaqudgha
Makhleb
Nemelex Xobeh
Qazlal
Xom
Yredelemnul
Zin
The Shining One
Beogh
Jiyva

Shops:
D:6 %   D:7 ?   D:9 *   D:15 (

Portals:
Hell: Lair:6


Innate Abilities, Weirdness & Mutations

You have hooves in place of feet.
Armour fits poorly on your strangely shaped body.
You cover ground very quickly.
You have extremely tough skin. (AC +3)
You have sharp fingernails.
Scrolls take you a little longer to read.


Message History

Something draws strength from your injuries!
The jiangshi claws you but does no damage. x2
Something hits you! Something drains your vigour!
You feel as though you will be slow longer.
Unknown command.
Something hits you but does no damage. The jiangshi claws you!
The jiangshi draws strength from your injuries!
The jiangshi barely misses you. x2
The jiangshi claws you but does no damage.
You hear some strange, mumbled words.
Unholy energy fills the air.
* * * LOW HITPOINT WARNING * * *
The centaur warrior zombie hits you but does no damage.
You hear some strange, mumbled words.
A bolt of negative energy appears from out of thin air!
The bolt of negative energy hits the freezing wraith.
The freezing wraith completely resists.
The bolt of negative energy hits you!
You feel drained.
You die...

#......# #.#
#......# .#
#......#
#[#######...[#
########
#(..)..##.####
######.##.
###########(###
#.......(.(.###
#........(....#
#.......(...#.#.
#......Z@..##...
#.....(TW.....#..Z
#.....)V......#..P
#.......Z).....P8.
#......((..###Z(
###.######## .. ##


You could see a jiangshi, a freezing wraith, a troll, a centaur warrior zombie,
a golden dragon skeleton and a centaur warrior skeleton.

Vanquished Creatures
  Frances (D:14)
  The ghost of LiquoriceLizzard the Carver, a journeyman MiFi of the Shining One (D:14)
  Josephine (D:14)
  The ghost of Zarkath the Blocker, a journeyman DDFi of Makhleb (Lair:2)
  An ogre mage (D:15)
  Fannar (Lair:2)
  Harold (D:7)
  A vault guard (D:13)
  9 hydras
  Erica (D:9)
  2 centaur warriors (D:15)
  5 two-headed ogres
  Urug (D:12)
  4 death yaks
  A sun demon (Lair:6)
  2 unseen horrors
  4 ugly things
  An orb spider (Lair:4)
  The ghost of lis82 the Thaumaturge, a novice DgAE (D:7)
  A manticore (D:13)
  2 deep elf magi
  A cyclops (D:13)
  Joseph (D:8)
  5 elephants (Lair:3)
  5 black mambas
  A smoke demon (Lair:6)
  4 orange demons (Lair:6)
  2 gargoyles
  12 spiny frogs
  3 kobold demonologists
  A komodo dragon (shapeshifter) (D:15)
  3 rime drakes
  12 komodo dragons
  An ice devil (Lair:6)
  A tengu conjurer (D:11)
  3 trolls
  3 polar bears
  4 slime creatures
  15 blink frogs
  6 hippogriffs
  13 dream sheep
  4 wraiths
  60 yaks
  3 shadows
  3 wyverns
  2 basilisks
  5 hungry ghosts
  A redback simulacrum (D:14)
  Edmund (D:4)
  8 vampire mosquitoes
  7 water moccasins
  4 hell hounds (Lair:6)
  3 sky beasts
  10 porcupines
  2 ice beasts (D:10)
  2 black bears
  2 phantoms (D:12)
  11 orc warriors
  2 necrophages
  16 wolves
  10 ogres
  15 centaurs
  12 crocodiles
  5 big kobolds
  14 bullfrogs
  A wyvern zombie (D:14)
  3 scorpions
  A water moccasin skeleton (D:5)
  4 howler monkeys (D:13)
  9 wights
  4 electric eels
  8 crimson imps
  2 bullfrog zombies
  4 hounds
  3 jellies (D:11)
  A bullfrog skeleton (D:10)
  16 orc wizards
  A gnoll shaman (D:10)
  14 orc priests
  4 centaur skeletons
  5 iguanas
  5 worker ants
  A worker ant zombie (D:7)
  8 gnolls
  12 adders
  2 shadow imps
  2 ufetubi (D:10)
  7 oozes
  3 adder skeletons
  4 worms
  5 leopard geckos
  74 orcs
  2 ball pythons
  2 giant cockroaches (D:3)
  5 goblins
  9 hobgoblins
  6 jackals
  4 quokkas
  5 bats
  4 frilled lizards
  26 kobolds
  A quokka zombie (D:7)
  4 rats
  6 fungi
  4 plants (Lair:3)
621 creatures vanquished.

Vanquished Creatures (collateral kills)
  A big kobold (D:9)
  3 kobolds (D:9)
4 creatures vanquished.

Vanquished Creatures (others)
  Nessos (Lair:6)
  2 two-headed ogres (D:8)
  An unseen horror (D:15)
  A komodo dragon (Lair:1)
  A sky beast (D:10)
  A white imp (D:10)
  8 fungi
  3 plants
  2 withered plants (D:14)
20 creatures vanquished.

Grand Total: 645 creatures vanquished

Notes
Turn   | Place    | Note
-------+----------+-------------------------------------------
     0 | Abyss:1  | Gargoyl the Centaur Abyssal Knight began the quest for the
                  | Orb.
     0 | Abyss:1  | Reached XP level 1. HP: 19/19 MP: 2/2
    37 | Abyss:1  | Noticed a large abomination
    61 | Abyss:1  | Noticed a small abomination
    64 | Abyss:1  | Noticed a small abomination
    73 | Abyss:1  | Noticed a crimson imp
    86 | Abyss:1  | Noticed a revenant
   101 | Abyss:1  | Noticed a spatial vortex
   105 | Abyss:1  | Noticed a spatial vortex
   105 | Abyss:1  | Noticed a spatial vortex
   105 | Abyss:1  | Noticed a spatial vortex
   105 | Abyss:1  | Noticed a spatial vortex
   105 | Abyss:1  | Noticed a spatial vortex
   106 | Abyss:1  | Noticed a spatial vortex
   106 | Abyss:1  | Noticed a spatial maelstrom
   119 | Abyss:1  | Noticed a large abomination
   120 | Abyss:1  | Noticed a quasit
   130 | Abyss:1  | Noticed a chaos spawn
   135 | Abyss:1  | Noticed a thrashing horror
   141 | D:1      | Escaped the Abyss
   431 | D:1      | Reached * piety under Lugonu
   431 | D:1      | Reached XP level 2. HP: 22/26 MP: 3/3
   826 | D:1      | Reached XP level 3. HP: 29/31 MP: 4/4
  1235 | D:2      | Gained mutation: Scrolls take you a little longer to read.
                  | [potion of mutation]
  1235 | D:2      | Gained mutation: You have sharp fingernails. [potion of
                  | mutation]
  1470 | D:2      | Reached skill level 2 in Armour
  2207 | D:3      | Reached XP level 4. HP: 38/38 MP: 6/6
  2220 | D:3      | Reached ** piety under Lugonu
  2834 | D:3      | Found a burning altar of Makhleb.
  2846 | D:3      | Reached XP level 5. HP: 35/45 MP: 7/7
  3057 | D:4      | Noticed Edmund
  3111 | D:4      | Killed Edmund
  3111 | D:4      | Reached skill level 3 in Armour
  3252 | D:4      | Found a staircase to the Ecumenical Temple.
  3265 | D:4      | Reached XP level 6. HP: 52/52 MP: 8/8
  3494 | D:4      | Found a white marble altar of Elyvilon.
  3803 | D:5      | Entered Level 5 of the Dungeon
  3903 | D:5      | Reached skill level 1 in Dodging
  4049 | D:5      | Reached XP level 7. HP: 27/59 MP: 9/9
  4385 | D:5      | Reached skill level 4 in Armour
  5251 | D:6      | Found a basalt altar of Yredelemnul.
  6278 | D:6      | Found a glowing silver altar of Zin.
  6822 | D:6      | Reached XP level 8. HP: 62/67 MP: 11/11
  6886 | D:6      | Found a shimmering altar of Xom.
  7002 | D:6      | Found Nibirrul's Food Shop.
  7315 | D:7      | Reached skill level 5 in Armour
  7501 | D:7      | Found a sand-covered staircase.
  7656 | D:7      | Found a runed gate.
  7658 | D:7      | Found a runed gate.
  7658 | D:7      | Found a runed gate.
  7666 | D:7      | Found a roughly hewn altar of Beogh.
  7666 | D:7      | Noticed lis82's ghost (novice DgAE)
  7690 | D:6      | Reached *** piety under Lugonu
  7865 | D:6      | Reached skill level 5 in Invocations
  7898 | D:6      | Got a warped hand axe {flame}
  7899 | D:6      | Identified the cursed +2 hand axe of Veli {flame, *Corrode
                  | +Fly rElec Str+5} (You took it off an orc warrior on level
                  | 6 of the Dungeon)
  8200 | D:6      | Got an encrusted chain mail
  8211 | D:6      | Identified the +8 chain mail "Hoegebi" {+Fly rF- rCorr
                  | Int+8} (You took it off an orc warrior on level 6 of the
                  | Dungeon)
  8601 | D:7      | Found Efuocw's Magic Scroll Boutique.
  8691 | D:7      | Noticed Harold
  8719 | D:7      | Killed Harold
  8719 | D:7      | Reached skill level 5 in Axes
  8719 | D:7      | Reached skill level 6 in Armour
  8719 | D:7      | Reached XP level 9. HP: 32/73 MP: 11/13
  9180 | D:7      | Killed lis82's ghost
  9180 | D:7      | Reached skill level 5 in Fighting
  9185 | D:7      | Got a transparent helmet
  9196 | D:7      | Identified the +3 helmet "Etsusi Raidd" {rPois rCorr Str+2
                  | Int-3 Slay+5} (You found it on level 7 of the Dungeon)
  9242 | D:8      | Reached skill level 7 in Armour
  9553 | D:8      | Noticed a two-headed ogre
  9781 | D:8      | Banished a two-headed ogre
  9982 | D:8      | Found a glowing golden altar of the Shining One.
 10071 | D:8      | Reached XP level 10. HP: 60/81 MP: 15/15
 10414 | D:8      | Found an ancient bone altar of Kikubaaqudgha.
 10426 | D:8      | Found a sparkling altar of Nemelex Xobeh.
 10429 | D:8      | Found a shattered altar of Ashenzari.
 10464 | D:8      | Noticed a two-headed ogre
 10491 | D:8      | Banished a two-headed ogre
 10491 | D:8      | Reached skill level 1 in Throwing
 10491 | D:8      | Reached skill level 8 in Armour
 10493 | D:8      | Reached XP level 11. HP: 31/90 MP: 11/17
 10801 | D:8      | Noticed Joseph
 10821 | D:8      | Killed Joseph
 11206 | D:9      | Reached skill level 9 in Armour
 11269 | D:9      | Reached **** piety under Lugonu
 11601 | D:9      | Noticed Erica
 11614 | D:9      | Killed Erica
 11762 | D:9      | Found Tithaemo's General Store.
 12228 | D:10     | Entered Level 10 of the Dungeon
 12247 | D:10     | Found a staircase to the Lair.
 12252 | D:10     | Got a translucent spear
 12253 | D:10     | Identified the +3 spear "Ujecaat" {pierce, +Rage rC+ Int-3}
                  | (You found it on level 10 of the Dungeon)
 12731 | D:10     | Noticed a deep elf mage
 12745 | D:10     | Killed a deep elf mage
 12817 | D:10     | Reached ***** piety under Lugonu
 13298 | Lair:1   | Entered Level 1 of the Lair of Beasts
 13759 | Lair:1   | Reached XP level 12. HP: 79/100 MP: 19/19
 13767 | Lair:1   | Reached skill level 10 in Invocations
 14507 | Lair:1   | Reached skill level 10 in Armour
 15412 | Lair:2   | Noticed Fannar
 15430 | Lair:2   | Killed Fannar
 15554 | Lair:2   | Found a runed door.
 15554 | Lair:2   | Noticed Zarkath's ghost (journeyman DDFi)
 15613 | Lair:2   | Killed Zarkath's ghost
 15630 | Lair:2   | Got a scorched plate armour
 15712 | Lair:2   | Noticed a four-headed hydra
 15718 | Lair:2   | Killed a one-headed hydra
 15934 | Lair:2   | Identified the +5 plate armour of Midnight {Dex+4} (You
                  | found it on level 2 of the Lair of Beasts)
 16644 | Lair:3   | Reached skill level 10 in Axes
 16645 | Lair:3   | Found a staircase to the Shoals.
 17429 | Lair:3   | Reached XP level 13. HP: 41/107 MP: 21/21
 17991 | Lair:3   | Got a scorched plate armour
 18002 | Lair:3   | Identified the +1 plate armour of the Leaf {rPois rF+ rC+
                  | MR-} (You found it on level 3 of the Lair of Beasts)
 18869 | Lair:4   | Reached skill level 11 in Armour
 19504 | Lair:4   | Reached ****** piety under Lugonu
 20178 | Lair:4   | Found a hole to the Spider Nest.
 21228 | Lair:5   | Found a stormy altar of Qazlal.
 21532 | Lair:5   | Found a viscous altar of Jiyva.
 21532 | Lair:5   | Found a staircase to the Slime Pits.
 22334 | Lair:6   | Entered Level 6 of the Lair of Beasts
 22357 | Lair:6   | Noticed Nessos
 22727 | Lair:6   | Killed Nessos
 23656 | Lair:6   | Reached XP level 14. HP: 98/118 MP: 22/22
 23858 | Lair:6   | Reached skill level 12 in Armour
 25131 | Lair:6   | Found a burning altar of Makhleb.
 25154 | Lair:6   | Found a gateway to Hell.
 25171 | Lair:6   | Got a shimmering bronze amulet
 25267 | Lair:6   | Identified the amulet "Zune" {Gourm *Slow rC+ Str+4} (You
                  | found it on level 6 of the Lair of Beasts)
 27030 | D:12     | Found a staircase to the Orcish Mines.
 27472 | D:12     | Noticed Urug
 27491 | D:12     | Killed Urug
 27693 | D:12     | Found a roughly hewn altar of Beogh.
 28102 | D:13     | Reached skill level 10 in Fighting
 28840 | D:13     | Found a gate to the Vaults.
 28992 | D:14     | Noticed Frances
 29006 | D:14     | Killed Frances
 29374 | D:14     | Found a runed door.
 29378 | D:14     | Noticed LiquoriceLizzard's ghost (journeyman MiFi)
 29455 | D:14     | Killed LiquoriceLizzard's ghost
 29637 | D:14     | Got a glittering ivory ring
 29651 | D:14     | Identified the ring "Jear" {-Tele rF++ Int+3 Slay+5 SInv}
                  | (You found it on level 14 of the Dungeon)
 29769 | D:14     | Noticed Josephine
 29788 | D:14     | Killed Josephine
 29788 | D:14     | Reached XP level 15. HP: 125/125 MP: 24/24
 30577 | D:15     | Entered Level 15 of the Dungeon
 30935 | D:15     | Found Yxka's Weapon Shoppe.
 31051 | D:15     | Reached skill level 13 in Armour
 31060 | D:15     | Killed from afar by a vampire mage

Skill      XL: |  1  2  3  4  5  6  7  8  9 10 11 12 13 14 15 |
---------------+----------------------------------------------+-----
Axes           | 2 3 4 5 6 7 8 10 11 12 | 12.9
Armour         | 2 3 4 6 7 8 9 10 11 12 13 | 13.0
Invocations    | 3 4 5 6 8 9 10 11 12 | 12.7
Fighting       | 4 5 6 7 8 9 10 | 10.5
Dodging        | 1 2 3 |  3.7
Throwing       | 3 |  3.9
Evocations     | 2 |  2.6

Action                   |  1- 3 |  4- 6 |  7- 9 | 10-12 | 13-15 || total
-------------------------+-------+-------+-------+-------+-------++-------
Melee: Hand axe          |   151 |   188 |   304 |   501 |   981 ||  2125
       Kick              |    24 |    30 |    69 |   181 |   429 ||   733
Throw: Javelin           |       |     1 |    10 |     8 |       ||    19
Invok: Depart the Abyss  |     1 |       |       |       |       ||     1
       Banish            |       |       |     1 |     2 |     1 ||     4
  Use: Scroll            |     6 |     4 |    12 |     7 |    17 ||    46
       Potion            |     1 |       |     4 |     2 |       ||     7
  Eat: Chunk             |     2 |     6 |     5 |    19 |    17 ||    49
       Ration            |       |       |     4 |       |     7 ||    11
Armor: Plate armour      |   160 |   136 |   127 |   126 |   785 ||  1334
       Skin              |       |    23 |     5 |       |       ||    28
       Chain mail        |       |       |    73 |   258 |       ||   331
Dodge: Dodged            |    12 |    15 |    72 |   173 |   209 ||   481
Block: Other             |       |       |       |       |   153 ||   153
       Reflection        |       |       |       |       |     8 ||     8
